 Dungeon Crawl Stone Soup version 0.29.1-15-g9cfb28693d (webtiles) character file.

Game seed: 9791546419501701986

91 tizbic2 the Conjurer (level 4, -1/41 HPs)
             Began as a Troll Conjurer on Apr 24, 2023.
             Succumbed to Crazy Yiuf's poison
             ... on level 3 of the Dungeon.
             The game lasted 00:06:47 (1281 turns).

tizbic2 the Conjurer (Troll Conjurer)               Turns: 1281, Time: 00:06:47

Health: -1/41      AC:  4    Str: 15    XL:     4   Next: 33%
Magic:  0/6        EV:  9    Int: 16    God:
Gold:   98         SH:  0    Dex:  8    Spells: 4/7 levels left

rFire   . . .      SeeInvis .   i - +2 flail (holy)
rCold   . . .      Faith    .   (no shield)
rNeg    . . .      Spirit   .   a - +0 robe
rPois   .          Reflect  .   (helmet restricted)
rElec   .          Harm     .   (no cloak)
rCorr   .          Rampage  .   (gloves unavailable)
Will    .....                   (boots unavailable)
Stlth   +.........              (no amulet)
HPRegen 0.93/turn               (no ring)
MPRegen 0.10/turn               (no ring)

@: lethally poisoned (-1 -> -15), hasted, invisible, very quick
A: large, unfitting armour, claws 3, regeneration 1, shaggy fur 1, tough skin 1
a: no special abilities


You were on level 3 of the Dungeon.
You visited 1 branch of the dungeon, and saw 3 of its levels.

You collected 98 gold pieces.

Inventory:

Hand Weapons
 i - a +2 flail of holy wrath (weapon)
Missiles
 l - 6 javelins
 p - 5 poisoned darts
Armour
 a - a +0 robe (worn)
Wands
 m - a wand of mindburst (8)
Scrolls
 d - 5 scrolls of identify {unknown}
 e - a scroll of vulnerability {unknown}
 n - a scroll of noise {unknown}
 o - a scroll of teleportation {unknown}
Potions
 b - a potion of magic
 c - a potion of haste {unknown}
 f - a potion of attraction {unknown}
 g - a potion of invisibility
 h - a potion of degeneration {unknown}
 j - a potion of heal wounds {unknown}
 k - a potion of resistance {unknown}
 q - a potion of curing {unknown}


   Skills:
 + Level 1.1 Fighting
 * Level 0.2 Maces & Flails
 - Level 1.5 Dodging
 - Level 1.0 Stealth
 * Level 2.0 Spellcasting
 + Level 3.5 Conjurations


You had 4 spell levels left.
You knew the following spells:

 Your Spells              Type           Power      Damage    Failure   Level
a - Magic Dart            Conj           52%        1d5       4%          1
b - Searing Ray           Conj           26%        2d5       7%          2

Your spell library contained the following spells:

 Spells                   Type           Power      Damage    Failure   Level
 Sublimation of Blood     Necr           1%         N/A       30%         2
 Wereblood                Tmut           1%         N/A       30%         2
 Dazzling Flash           Conj/Hex       14%        N/A       30%         3
 Fulminant Prism          Conj/Hex       3%         3d6       69%         4
 Iskenderun's Mystic Bla  Conj/Tloc      7%         2d4       69%         4
 Summon Hydra             Summ           0%         N/A       100%        7


Dungeon Overview and Level Annotations

Branches:
Dungeon (3/15)

Altars:

Annotations:
D:3 Crazy Yiuf


Innate Abilities, Weirdness & Mutations

You are too large for most types of armour.
You have claws for hands.
Your natural rate of healing is unusually fast.
You are covered in fur. (AC +1)
You have tough skin. (AC +1)


Message History

Found 2 stones.
Found a hammer.
Found a runed translucent door.
Crazy Yiuf shouts!
You open the door.
Casting: Searing Ray (safe; 7% risk of failure)
Confirm with . or Enter, or press ? or * to list all spells.
Aiming: Searing Ray (safe; 7% risk of failure)
Press: ? - help, Shift-Dir - straight line, f - Crazy Yiuf
Aim: Crazy Yiuf, wielding a +2 quarterstaff of chaos and wearing a +0 cloak (79% to hit)
The searing ray hits Crazy Yiuf.
Crazy Yiuf is moderately wounded. (Press . to maintain the ray.)
The searing ray hits Crazy Yiuf.
Crazy Yiuf is heavily wounded.
Crazy Yiuf hits you with a +2 quarterstaff of chaos!
You feel yourself speed up.
The searing ray hits Crazy Yiuf.
Crazy Yiuf is heavily wounded.
You completely miss Crazy Yiuf.
Crazy Yiuf is heavily wounded.
Crazy Yiuf hits you with a +2 quarterstaff of chaos!
Crazy Yiuf burns you.
Crazy Yiuf hits you with a +2 quarterstaff of chaos!
* * * LOW HITPOINT WARNING * * *
Crazy Yiuf freezes you.
* * * LOW HITPOINT WARNING * * *
Casting: Searing Ray (safe; 7% risk of failure)
Confirm with . or Enter, or press ? or * to list all spells.
Aiming: Searing Ray (safe; 7% risk of failure)
Press: ? - help, Shift-Dir - straight line, f/p - Crazy Yiuf
Aim: Crazy Yiuf, wielding a +2 quarterstaff of chaos and wearing a +0 cloak (heavily wounded, 79% to hit)
The searing ray hits Crazy Yiuf!
Crazy Yiuf is almost dead. (Press . to maintain the ray.) Crazy Yiuf hits you with a +2 quarterstaff of chaos!
* * * LOW HITPOINT WARNING * * *
You are lethally poisoned!
It was a potion of invisibility.
You fade into invisibility!
You die...

#...##..
#...##..
#...##..
#####
#####.......
#..)#
#.........#.
#...#
#.###...#...
... #.#
#####... #g#
#.# ##..
##@# #.# #..
#.## #.#
##.. ##.#
### #####...
#.##
#####......#
##.##
#.....####.#
#...##
#...######.#
#....# ###.#
#...# ##..##
#.####.###
#....#
#..#.....#


You could see Crazy Yiuf (unable to see you).

Vanquished Creatures
  4 gnolls
  An adder (D:2)
  2 dart slugs (D:2)
  3 bats
  An endoplasm (D:1)
  2 giant cockroaches
  5 goblins
  3 hobgoblins
  2 quokkas
  3 ball pythons (D:1)
  5 frilled lizards
  3 kobolds
  8 rats
42 creatures vanquished.

Notes
Turn   | Place    | Note
-------+----------+-------------------------------------------
     0 | D:1      | tizbic2 the Troll Conjurer began the quest for the Orb.
     0 | D:1      | Reached XP level 1. HP: 16/16 MP: 1/1
    27 | D:1      | Reached skill level 3 in Conjurations
    47 | D:1      | Found a faded altar of an unknown god.
   150 | D:1      | Reached XP level 2. HP: 26/26 MP: 0/3
   308 | D:1      | Learned a level 2 spell: Searing Ray
   699 | D:1      | Reached XP level 3. HP: 22/32 MP: 0/4
   770 | D:2      | Reached skill level 1 in Fighting
   846 | D:2      | Reached XP level 4. HP: 41/41 MP: 5/5
  1270 | D:3      | Found a runed translucent door.
  1271 | D:3      | Noticed Crazy Yiuf
  1281 | D:3      | Succumbed to Crazy Yiuf's poison

Illustrated notes

Levels and vault maps discovered:
D:1:      denvon_arrival_planthouse, layout_rooms,
          ebering_ecumenical_altar_webs, st_stairs_3
D:2:      layout_basic
D:3:      layout_rooms, gammafunk_ghost_grave, kennysheep_generic_room_5,
          uniq_crazy_yiuf_cottage

Skill      XL: |  1  2  3  4 |
---------------+-------------+-----
Conjurations   | 3 |  3.5
Fighting       | 1 |  1.1
Spellcasting   | 2 |  2.0
Maces & Flails | |  0.2
Dodging        | |  1.5
Stealth        | |  1.0

Action                   |  1- 3 |  4- 6 || total
-------------------------+-------+-------++-------
Melee: Unarmed           |    20 |       ||    20
       Quarterstaff      |    40 |       ||    40
       Flail             |    12 |    20 ||    32
 Cast: Magic Dart        |    21 |     4 ||    25
       Searing Ray       |     1 |     3 ||     4
  Use: Potion            |       |     1 ||     1
Armor: Robe              |    31 |    13 ||    44
Dodge: Dodged            |    52 |     7 ||    59
